AoeStats
← Beerial

Arena

510331475Analyzed
3v3 RM · 20h ago on Sep 30, 2026· 39m 25s· 6 players
Game mode
Random Map
Map size
Normal (6 player)
Population
200
Speed
Normal
Resources
Standard
Victory
Conquest
Starting age
Dark Age
Ending age
Imperial Age
RankedLock teamsTeams togetherTeam positionsShared explorationLock speedFull tech treeHidden civsTurbo modeCheats
Victory
Defeat
🇫🇷 Poles · France
1388
+17
🇺🇸 Malians · United States
1359
+18
🇵🇪 Mongols · Peru
1236
+24
🇮🇳 Georgians · India
1408
-20
🇮🇳 Burgundians · India
1407
-20
🇮🇳 Dravidians · India
1400
-19
Beerial
10:45 Feudal Age
12:20 Double-Bit Axe
15:04 Castle Age
12:59 Horse Collar
16:22 Bow Saw
16:42 Heavy Plow
18:16 Light Cavalry
19:07 Bloodlines
20:48 Wheelbarrow
22:41 Loom
23:09 Scale Barding Armor
23:15 Forging
23:07 Husbandry
24:09 Hand Cart
23:55 Gold Mining
23:55 Stone Mining
25:10 Treadmill Crane
25:40 Masonry
29:34 Imperial Age
27:38 Chain Barding Armor
27:01 Pikeman
27:41 Squires
27:43 Scale Mail Armor
29:17 Iron Casting
29:06 Ballistics
28:38 Fletching
29:26 Town Watch
29:40 Cavalier
31:27 Blast Furnace
31:53 Chemistry
31:09 Szlachta Privileges
31:24 Conscription
31:34 Chain Mail Armor
32:11 Crop Rotation
32:18 Coinage
31:46 Winged Hussar
32:54 Bodkin Arrow
35:04 Siege Engineers
35:31 Plate Mail Armor
35:04 Bracer
36:44 Lechitic Legacy
37:33 Arson
40:17 Plate Mail Armor
BigAl
10:42 Feudal Age
10:46 Feudal Age
11:48 Loom
14:42 Castle Age
12:53 Double-Bit Axe
13:40 Horse Collar
15:12 Fletching
20:00 Squires
22:25 Scale Mail Armor
28:12 Imperial Age
26:27 Bodkin Arrow
27:36 Chain Mail Armor
29:51 Wheelbarrow
30:44 Forging
31:05 Plate Mail Armor
31:27 Arson
34:33 Elite Gbeto
36:37 Plate Mail Armor
36:26 Bow Saw
37:55 Iron Casting
38:14 Hoardings
39:11 Conscription
39:15 Hand Cart
38:45 Town Watch
38:54 Gold Mining
Execute290
10:26 Feudal Age
8:44 Loom
10:29 Feudal Age
15:11 Castle Age
14:42 Fletching
19:46 Double-Bit Axe
21:14 Bow Saw
23:43 Bodkin Arrow
26:29 Padded Archer Armor
35:12 Imperial Age
36:50 Scale Barding Armor
36:56 Forging
38:46 Chain Barding Armor
39:02 Iron Casting
38:24 Elite Steppe Lancer
40:09 Wheelbarrow
39:20 Horse Collar
Luffy
10:54 Feudal Age
14:51 Castle Age
14:08 Double-Bit Axe
15:47 Horse Collar
18:58 Loom
19:41 Scale Barding Armor
21:51 Chain Barding Armor
28:18 Imperial Age
27:27 Chain Barding Armor
27:20 Bloodlines
27:08 Gold Mining
34:32 Scale Mail Armor
33:55 Man-at-Arms
34:36 Squires
34:21 Arson
34:53 Long Swordsman
Smiley
10:19 Feudal Age
15:03 Castle Age
15:21 Double-Bit Axe
15:20 Horse Collar
16:20 Bow Saw
16:13 Heavy Plow
16:02 Loom
16:03 Town Watch
30:12 Fletching
31:50 Gold Mining
33:57 Wheelbarrow
37:16 Imperial Age
36:15 Bodkin Arrow
36:21 Padded Archer Armor
37:26 Thumb Ring
38:58 Conscription
Hunt
6:23 Double-Bit Axe
9:11 Feudal Age
8:13 Horse Collar
10:09 Bow Saw
10:25 Heavy Plow
16:46 Castle Age
16:56 Wheelbarrow
18:42 Two-Man Saw
19:34 Hand Cart
19:58 Scale Barding Armor
21:28 Forging
21:41 Cavalier
22:46 Gold Mining
28:23 Imperial Age
25:59 Husbandry
28:10 Chain Barding Armor
28:26 Masonry
28:28 Paladin
30:36 Plate Barding Armor
32:40 Iron Casting
33:36 Coinage
34:13 Chemistry
34:48 Architecture
34:38 Loom
36:00 Blast Furnace
36:32 Banking
Connection lost

Rejoining the realm…

Still unreachable

The connection could not be restored.

Session expired

The server has moved on; the page needs a fresh start.